 Dungeon Crawl Stone Soup version 0.23.0 (webtiles) character file.

Game seed: 12889617161229501382

795429 DildoBatman the Petrodigitator (level 27, -19/209 HPs)
             Began as a Formicid Wizard on Feb 8, 2019.
             Was an Initiate of Gozag.
             Killed from afar by a Hell Sentinel (43 damage)
             ... with damnation
             ... on level 22 of a ziggurat on Feb 9, 2019.
             The game lasted 07:48:20 (69880 turns).

DildoBatman the Petrodigitator (Formicid Wizard)   Turns: 69880, Time: 07:48:20

Health: -19/209    AC: 23    Str: 18    XL:     27
Magic:  7/51       EV: 23    Int: 43    God:    Gozag
Gold:   5327       SH: 10    Dex: 23    Spells: 2/56 levels left

rFire    + + +     SeeInvis +   b - +9 staff of Wucad Mu {channel}
rCold    + + .     Gourm    .   t - +3 warlock's mirror {reflect}
rNeg     + + +     Faith    .   o - +4 troll leather armour
rPois    ∞         Spirit   .   (helmet unavailable)
rElec    +         Reflect  +   B - +2 cloak {MR+}
rCorr    +         Harm     .   m - +2 pair of gloves of Prudence {Str+3}
MR       +++++     Clarity  +   l - +0 pair of boots of Lugonu's Whim {Regen+ Dex+3}
Stlth    ++++++....             (no amulet)
HPRegen  1.24/turn              L - ring "Zupt" {Int+5 Dex+3}
MPRegen  0.32/turn              Z - ring "Meyfrilu" {rF++ MR+ MP+9 Dex+3}

@: mighty, brilliant, agile, lich-form, resistant, tornado, gold aura, flying,
very slightly contaminated, studying 8 skills, invisible
A: permanent stasis, dig shafts and tunnels, four strong arms, antennae 3,
clarity, clever 1, robust 1, weak 1, MP-powered wands
}: 4/15 runes: decaying, serpentine, silver, golden
a: Dig, Shaft Self, End Transformation, Potion Petition, Call Merchant, Bribe
Branch, Renounce Religion


You were on level 22 of a ziggurat.
You worshipped Gozag.
Gozag was greatly pleased with you.
You were not hungry.
You were a lich.
You visited 11 branches of the dungeon, and saw 51 of its levels.
You visited 1 bazaar.
You visited 1 ziggurat, and saw 22 of its levels.
You also visited: Desolation.

You collected 35453 gold pieces.
You spent 14047 gold pieces at shops.
You paid 16079 gold pieces to Gozag.

Inventory:

Hand Weapons
 a - the +7 lajatang of Odegix {freeze, rF+ MR++ Str+2 Int+4}
   (You found it on level 4 of the Swamp)

   It has been specially enchanted to freeze those struck by it, causing extra
   injury to most foes and up to half again as much damage against particularly
   susceptible opponents.
   It can also slow down cold-blooded creatures.
   It affects your strength (+2).
   It affects your intelligence (+4).
   It protects you from fire.
   It affects your resistance to hostile enchantments.
 b - the +9 staff of Wucad Mu (weapon) {channel}
   (You found it on level 15 of a ziggurat)
 N - the +7 war axe "Awof" {chop, rElec rC++ Dex+2}
   (You found it on level 15 of a ziggurat)

   It inflicts extra damage upon your enemies.
   It affects your dexterity (+2).
   It greatly protects you from cold.
   It insulates you from electricity.
Armour
 l - the +0 pair of boots of Lugonu's Whim (worn) {Regen+ Dex+3}
   (You bought it in a shop on level 4 of the Depths)

   It affects your dexterity (+3).
   It increases your rate of regeneration.
 m - the +2 pair of gloves of Prudence (worn) {Str+3}
   (You found it on level 16 of a ziggurat)

   It affects your strength (+3).
 o - a +4 troll leather armour (worn)
 t - the +3 warlock's mirror (worn) {reflect}
   (You found it on level 1 of the Swamp)
 B - a +2 cloak of magic resistance (worn)
Jewellery
 r - an uncursed amulet of regeneration
 L - the ring "Zupt" (left hand) {Int+5 Dex+3}
   (You took it off a deep elf mage on level 3 of the Elven Halls)

   [ring of intelligence]

   It affects your intelligence (+5).
   It affects your dexterity (+3).
 W - the ring "Jouvy" {*Tele *Corrode rElec rC+}
   (You took it off a deep elf annihilator on level 3 of the Elven Halls)

   [ring of teleportation]

   It may teleport you next to monsters.
   It protects you from cold.
   It insulates you from electricity.
   It may corrode you when you take damage.
 Z - the ring "Meyfrilu" (right hand) {rF++ MR+ MP+9 Dex+3}
   (You acquired it on level 3 of the Depths)

   [ring of dexterity]

   It affects your dexterity (+3).
   It greatly protects you from fire.
   It affects your resistance to hostile enchantments.
   It affects your magic capacity (+9).
Wands
 c - a wand of scattershot (7)
 D - a wand of clouds (2)
 P - a wand of acid (32)
 S - a wand of iceblast (80)
 X - a wand of disintegration (54)
Scrolls
 e - 2 scrolls of amnesia
 h - 4 scrolls of enchant armour
 i - 8 scrolls of immolation
 x - 21 scrolls of remove curse
 z - 11 scrolls of identify
 C - 18 scrolls of magic mapping
 E - 2 scrolls of summoning
 H - 10 scrolls of fog
Potions
 d - 6 potions of mutation
 q - a potion of agility
 s - 13 potions of heal wounds
 G - 5 potions of might
 J - a potion of brilliance
 K - 29 potions of curing
 M - 9 potions of cancellation
 O - 4 potions of magic
 U - 4 potions of ambrosia
Books
 p - a manual of Evocations
 u - a manual of Necromancy
 y - a manual of Spellcasting
 F - a manual of Maces & Flails
 Q - a manual of Dodging
 R - a manual of Polearms
 T - a manual of Conjurations
 Y - a manual of Stealth
Miscellaneous
 f - a lightning rod (4/4)
 g - a phial of floods
 j - 8 boxes of beasts
 k - 7 phantom mirrors
 n - a lamp of fire
 A - a crystal ball of energy
 V - 8 sacks of spiders
Comestibles
 v - 57 rations


   Skills:
 - Level 10.0 Fighting
   Level 6.0 Short Blades
 - Level 5.0(6.8) Polearms
 - Level 7.2(8.0) Staves
 - Level 9.0 Armour
 - Level 7.0 Dodging
 - Level 12.0 Stealth
 - Level 9.0 Shields
 - Level 15.0 Spellcasting
 - Level 5.0 Conjurations
   Level 8.0 Hexes
 - Level 6.0 Charms
 - Level 9.0 Summonings
 - Level 20.0 Necromancy
 - Level 3.0 Translocations
 - Level 20.0 Transmutations
   Level 5.0 Fire Magic
 - Level 6.0 Ice Magic
 * Level 25.3 Air Magic
 O Level 27 Earth Magic
 - Level 8.0 Poison Magic
 - Level 10.0 Evocations


You had 2 spell levels left.
You knew the following spells:

 Your Spells              Type           Power        Failure   Level  Hunger
a - Borgnjor's Vile Clut  Necr/Erth      #########.   0%          5    N/A
b - Shatter               Erth           ########..   1%          9    N/A
c - Tornado               Air            ########..   1%          9    N/A
d - Necromutation         Tmut/Necr      ########..   1%          8    N/A
e - Regeneration          Chrm/Necr      ########..   0%          3    N/A
f - Ozocubu's Armour      Chrm/Ice       #######.     1%          3    N/A
g - Shroud of Golubria    Chrm/Tloc      #######...   1%          2    N/A
h - Dispel Undead         Necr           ########     0%          5    N/A
i - Aura of Abjuration    Summ           #######...   1%          5    N/A
j - Mephitic Cloud        Conj/Pois/Air  ########     0%          3    N/A
z - Sublimation of Blood  Necr           ########..   0%          2    N/A

Your spell library contained the following spells:

 Spells                   Type           Power        Failure   Level  Hunger
 Animate Skeleton         Necr           N/A          0%          1    N/A
 Beastly Appendage        Tmut           ######       0%          1    N/A
 Pain                     Necr           ####         0%          1    N/A
 Sandblast                Erth           ######       0%          1    N/A
 Shock                    Conj/Air       ####         0%          1    N/A
 Corpse Rot               Necr           N/A          0%          2    N/A
 Passwall                 Tmut/Erth      ########     0%          2    N/A
 Poisonous Vapours        Pois/Air       ######       0%          2    N/A
 Sticks to Snakes         Tmut           ########     0%          2    N/A
 Swiftness                Chrm/Air       ########     0%          2    N/A
 Apportation              Tloc           ######       1%          1    N/A
 Confusing Touch          Hex            ######       1%          1    N/A
 Corona                   Hex            #######      1%          1    N/A
 Flame Tongue             Conj/Fire      #####        1%          1    N/A
 Freeze                   Ice            ####         1%          1    N/A
 Infusion                 Chrm           ####         1%          1    N/A
 Magic Dart               Conj           ####         1%          1    N/A
 Sting                    Conj/Pois      ####         1%          1    N/A
 Summon Butterflies       Summ           #######.     1%          1    N/A
 Summon Small Mammal      Summ           ####         1%          1    N/A
 Call Imp                 Summ           #######.     1%          2    N/A
 Ensorcelled Hibernation  Hex/Ice        ######       1%          2    N/A
 Slow                     Hex            #######.     1%          2    N/A
 Song of Slaying          Chrm           #######.     1%          2    N/A
 Throw Flame              Conj/Fire      ######       1%          2    N/A
 Throw Frost              Conj/Ice       ######       1%          2    N/A
 Spider Form              Tmut/Pois      ########..   0%          3    N/A
 Static Discharge         Conj/Air       ########     0%          3    N/A
 Stone Arrow              Conj/Erth      ######       0%          3    N/A
 Vampiric Draining        Necr           ########..   0%          3    N/A
 Airstrike                Air            ########..   0%          4    N/A
 Animate Dead             Necr           N/A          0%          4    N/A
 Leda's Liquefaction      Hex/Erth       ########..   0%          4    N/A
 Petrify                  Tmut/Erth      ########     0%          4    N/A
 Summon Lightning Spire   Summ/Air       ########     0%          4    N/A
 Agony                    Necr           ########     0%          5    N/A
 Blade Hands              Tmut           ########..   0%          5    N/A
 Lee's Rapid Deconstruct  Erth           ########..   0%          5    N/A
 Statue Form              Tmut/Erth      ########.    0%          6    N/A
 Call Canine Familiar     Summ           #######.     1%          3    N/A
 Confuse                  Hex            #######.     1%          3    N/A
 Conjure Flame            Conj/Fire      #######.     1%          3    N/A
 Dazzling Spray           Conj/Hex       ######       1%          3    N/A
 Gell's Gravitas          Tloc           ######....   1%          3    N/A
 Ignite Poison            Fire/Tmut/Pois ########     1%          3    N/A
 Inner Flame              Hex/Fire       #######.     1%          3    N/A
 Lesser Beckoning         Tloc           ######....   1%          3    N/A
 Portal Projectile        Hex/Tloc       ######       1%          3    N/A
 Recall                   Summ/Tloc      N/A          1%          3    N/A
 Spectral Weapon          Hex/Chrm       #######.     1%          3    N/A
 Summon Guardian Golem    Hex/Summ       #######.     1%          3    N/A
 Teleport Other           Tloc           ######..     1%          3    N/A
 Tukima's Dance           Hex            #######.     1%          3    N/A
 Cause Fear               Hex            #######...   1%          4    N/A
 Force Lance              Conj/Tloc      #######.     1%          4    N/A
 Ice Form                 Ice/Tmut       ########     1%          4    N/A
 Olgreb's Toxic Radiance  Pois           #######.     1%          4    N/A
 Passage of Golubria      Tloc           N/A          1%          4    N/A
 Sticky Flame             Conj/Fire      #######.     1%          4    N/A
 Summon Ice Beast         Ice/Summ       #######.     1%          4    N/A
 Throw Icicle             Conj/Ice       #######.     1%          4    N/A
 Alistair's Intoxication  Tmut/Pois      ########     1%          5    N/A
 Bolt of Draining         Conj/Necr      ########..   1%          5    N/A
 Bolt of Magma            Conj/Fire/Erth ########..   1%          5    N/A
 Excruciating Wounds      Chrm/Necr      ########..   1%          5    N/A
 Fireball                 Conj/Fire      #######...   1%          5    N/A
 Irradiate                Conj/Tmut      ########..   1%          5    N/A
 Iskenderun's Battlesphe  Conj/Chrm      #######.     1%          5    N/A
 Lightning Bolt           Conj/Air       ########..   1%          5    N/A
 Metabolic Englaciation   Hex/Ice        #######...   1%          5    N/A
 Silence                  Hex/Air        ########..   1%          5    N/A
 Summon Demon             Summ           #######...   1%          5    N/A
 Summon Forest            Summ/Tloc      #######...   1%          5    N/A
 Summon Mana Viper        Hex/Summ       #######.     1%          5    N/A
 Venom Bolt               Conj/Pois      #######...   1%          5    N/A
 Yara's Violent Unravell  Hex/Tmut       ########..   1%          5    N/A
 Bolt of Cold             Conj/Ice       #######...   1%          6    N/A
 Conjure Ball Lightning   Conj/Air       ########..   1%          6    N/A
 Darkness                 Hex            #######...   1%          6    N/A
 Deflect Missiles         Chrm/Air       ########..   1%          6    N/A
 Freezing Cloud           Conj/Ice/Air   ########..   1%          6    N/A
 Hydra Form               Tmut           ########..   1%          6    N/A
 Invisibility             Hex            #######.     1%          6    N/A
 Iron Shot                Conj/Erth      ########..   1%          6    N/A
 Ozocubu's Refrigeration  Ice            #######...   1%          6    N/A
 Poison Arrow             Conj/Pois      #######...   1%          6    N/A
 Shadow Creatures         Summ           N/A          1%          6    N/A
 Simulacrum               Ice/Necr       ########..   1%          6    N/A
 Dragon Form              Tmut           ########..   1%          7    N/A
 Haunt                    Necr/Summ      ########..   1%          7    N/A
 Borgnjor's Revivificati  Necr           ########..   1%          8    N/A
 Chain Lightning          Conj/Air       ########..   1%          8    N/A
 Infestation              Necr           ########..   1%          8    N/A
 Lehudib's Crystal Spear  Conj/Erth      ########..   1%          8    N/A
 Bolt of Fire             Conj/Fire      #######...   2%          6    N/A
 Monstrous Menagerie      Summ           #######...   2%          7    N/A
 Summon Greater Demon     Summ           #######...   2%          7    N/A
 Summon Hydra             Summ           #######...   2%          7    N/A
 Death's Door             Chrm/Necr      ########..   3%          8    N/A
 Dispersal                Tloc           ######....   5%          6    N/A
 Spellforged Servitor     Conj/Summ      #######...   5%          7    N/A
 Malign Gateway           Summ/Tloc      #######...   8%          7    N/A
 Ring of Flames           Chrm/Fire      #######...   10%         7    N/A
 Orb of Destruction       Conj           #######...   12%         7    N/A
 Summon Horrible Things   Summ           #######...   17%         8    N/A
 Discord                  Hex            #######...   24%         8    N/A
 Ignition                 Fire           #######...   56%         8    N/A
 Disjunction              Tloc           ######....   80%         8    N/A
 Dragon's Call            Summ           #######...   87%         9    N/A
 Glaciate                 Conj/Ice       #######...   99%         9    N/A
 Fire Storm               Conj/Fire      #######...   100%        9    N/A
 Blink                    Tloc           Unusable     N/A         2    N/A
 Controlled Blink         Tloc           Unusable     N/A         8    N/A

Dungeon Overview and Level Annotations

Branches:
Dungeon (15/15)            Temple (1/1) D:6            Lair (6/6) D:9
  Swamp (4/4) Lair:2        Snake (4/4) Lair:4        Slime (0/5) Lair:6
    Orc (2/2) D:12            Elf (3/3) Orc:2        Vaults (5/5) D:13
  Crypt (3/3) Vaults:3       Tomb (3/3) Crypt:3      Depths (5/5) D:15
    Zot (0/5) Depths:5

Altars:
Ashenzari
Cheibriados
Dithmenos
Elyvilon
Fedhas
Gozag
Hepliaklqana
Kikubaaqudgha
Makhleb
Nemelex Xobeh
Okawaru
Qazlal
Ru
Sif Muna
Trog
Uskayaw
Vehumet
Wu Jian
Xom
Yredelemnul
Zin
The Shining One
Beogh
Lugonu

Shops:
D:9 (*   Orc:1 =   Orc:2 **=*   Elf:3 ?   Snake:4 =}=   Vaults:1 *   Vaults:3 (
Vaults:5 ?   Crypt:2 !   Tomb:1 :   Depths:3 [}[   Depths:4 [[**

Portals:
Hell: Depths:1 Depths:2 Depths:3 Depths:4 Depths:5
Abyss: Depths:4* Depths:5
Pandemonium: Depths:1 Depths:3


Innate Abilities, Weirdness & Mutations

You cannot be hasted, slowed, berserked, paralysed or teleported.
You can dig through walls and to a lower floor.
Your four strong arms can wield two-handed weapons with a shield.
You have a pair of large antennae on your head. (SInv)
You possess an exceptional clarity of mind.
Your mind is acute. (Int +2)
You are robust. (+10% HP)
You are weak. (Str -2)
You expend magic power (3 MP) to strengthen your wands.


Message History

The Brimstone Fiend becomes distracted by the nearby gold, dreaming of imaginary riches.
The Hell Sentinel becomes distracted by the nearby gold, dreaming of imaginary riches.
A shadow demon comes into view.
As you read the scroll of fog, it crumbles to dust.
The scroll dissolves into smoke.
You kill Otwuofa!
You kill the Brimstone Fiend!
The Brimstone Fiend is no longer distracted by gold.
The large abomination is no longer distracted by gold.
The Hell Sentinel is no longer distracted by gold.
The Hell Sentinel roars!
The gelid black sun is no longer distracted by gold.
The blizzard demon is no longer distracted by gold.
A shadow demon comes into view.
A large abomination comes into view.
The Hell Sentinel gestures at you.
The sphere of damnation explodes!
The damnation engulfs you!!!
You die...
Your body crumbles into a pile of gold.

.........8.8....▓▓
.................▓▓
..................▓
...........§§§§§..▓▓
.........2.§§§§§§§§▓
...........§§§§§§§§▓
..........$§§§§§§§§▓
.........62§§§§§§§§▓▓
.3......22§1§§§L§§§▓
.......X16X§§§§§§▓▓
......2.1§§§§§§§▓
........§§§§§§§▓
.......§§§§§§§▓
...$.....§§§▓▓
...........▓
.........▓▓ 8.8....▓▓


You could see a Hell Sentinel, a Brimstone Fiend, a reaper, 2 demonspawn, an
Executioner, a blizzard demon, 3 shadow demons and 2 large abominations.

Vanquished Creatures
  34 greater mummies
  7 ancient liches
  A shard shrike (Zig:1)
  the Lernaean hydra (Swamp:4)
  Saint Roka (Depths:3)
  2 pandemonium lords
  The ghost of wjh11 the Executioner, a veteran MiBe of Trog (Vaults:1)
  3 caustic shrikes
  Jory (Depths:3)
  The ghost of Ogotegun the Warrior, an adept DgCj (Depths:5)
  The ghost of Imio the Warrior, an adept DgCj (Depths:5)
  2 golden dragons
  A profane servitor (Zig:17)
  5 Brimstone Fiends
  3 Tzitzimimeh
  4 bone dragons
  7 liches
  4 hellephants
  5 tentacled monstrosities
  An Ice Fiend (Zig:22)
  6 titans (Vaults:5)
  2 quicksilver dragons
  Asterion (Vaults:1)
  2 deep elf blademasters
  A Hell Sentinel (Zig:19)
  5 deep elf master archers
  21 ancient champions
  A tentacled starspawn (Zig:19)
  Frances (Snake:2)
  7 sphinxes
  6 Executioners
  Kirke (Lair:5)
  The ghost of Zaureus the Brawler, an adept TrMo of Nemelex Xobeh (Depths:4)
  The ghost of Uvaxuoh the Brawler, an adept TrMo of Nemelex Xobeh (Depths:4)
  2 acid blobs (Zig:9)
  4 thorn hunters
  6 shadow dragons
  5 storm dragons
  Roxanne (D:14)
  4 tengu reavers
  6 revenants
  16 nagarajas
  The ghost of Vudadgh the Warrior, an adept HuWr of Hepliaklqana (Swamp:1)
  4 corrupters
  4 black suns
  An orc warlord (Zig:4)
  An iron dragon (Depths:4)
  9 draconian monks
  10 frost giants
  A ghost moth (Zig:15)
  12 fire giants
  An imperial myrmidon (Desolation)
  9 deep elf sorcerers
  Louise (Depths:4)
  11 draconian knights
  6 warmongers
  3 curse skulls (Zig:17)
  3 draconian scorchers (Zig:21)
  15 vault wardens
  An emperor scorpion (Zig:15)
  3 cacodemons
  4 balrugs
  7 ghouls
  An angel (Zig:7)
  8 draconian shifters
  7 draconian stormcallers
  14 ironheart preservers
  7 deep elf elementalists
  A caustic shrike skeleton (Crypt:1)
  3 blood saints (Zig:20)
  25 very ugly things
  4 reapers
  3 war gargoyles
  7 draconian annihilators
  26 stone giants
  10 vampire knights
  11 entropy weavers
  4 black draconians
  10 deep elf annihilators
  5 green draconians
  A lorocyproca (Zig:20)
  8 bennus
  The ghost of DildoBatman the Spear-Bearer, a journeyman FoWz of Gozag (Orc:1)
  5 spark wasps
  A halazid warlock (Desolation)
  3 white draconians (Zig:21)
  9 dire elephants
  2 deep elf demonologists (Elf:3)
  7 purple draconians
  4 yellow draconians
  9 red draconians
  Azrael (Elf:1)
  14 ettins
  2 blizzard demons
  4 green deaths
  9 eidola
  28 mummy priests
  8 fire dragons
  2 merfolk javelineers
  5 crystal guardians (Desolation)
  Josephine (D:10)
  11 deep elf death magi
  9 ragged hierophants (Desolation)
  6 jiangshi
  14 ogre magi
  10 deep elf high priests
  5 servants of whispers (Desolation)
  4 rakshasas
  5 peacekeepers (Desolation)
  24 yaktaur captains
  7 great orbs of eyes
  32 hydras
  12 ice dragons
  31 vault guards
  23 naga warriors
  2 spriggan air magi
  3 quicksilver dragon skeletons
  2 monstrous demonspawn (Depths:1)
  A hydra (shapeshifter) (Vaults:5)
  A shambling mangrove (Swamp:1)
  8 ghost crabs
  8 anacondas
  A merfolk aquamancer (Zig:8)
  8 deep troll shamans
  3 hell beasts
  15 centaur warriors
  12 alligators
  10 catoblepae
  An anaconda (shapeshifter) (Depths:1)
  2 tengu warriors (Depths:4)
  2 death knights
  100 death scarabs
  A titan zombie (Tomb:3)
  17 death yaks
  3 satyrs (Zig:18)
  3 vampire magi
  39 two-headed ogres
  4 orc high priests (Orc:2)
  6 deep troll earth magi
  A thrashing horror (Zig:19)
  2 hell hogs (Depths:1)
  4 spriggan berserkers
  Urug (D:11)
  14 naga sharpshooters
  5 shock serpents
  7 hell knights
  5 soul eaters
  5 sixfirhies
  19 deep elf knights
  54 skeletal warriors
  4 iron trolls
  A titan skeleton (Tomb:1)
  3 wretched stars
  A golden dragon zombie (Depths:4)
  A death drake (Zig:19)
  2 spatial maelstroms (Zig:19)
  3 storm dragon skeletons
  A fire crab (shapeshifter) (D:14)
  6 shadow wraiths
  A spark wasp zombie (D:15)
  3 unseen horrors
  A deep troll (shapeshifter) (Vaults:4)
  A sea snake (shapeshifter) (Vaults:4)
  3 torturous demonspawn
  12 swamp dragons
  An obsidian statue (Zig:18)
  2 sea snakes (Zig:8)
  23 deep elf archers
  3 spriggan druids
  5 glowing orange brains
  2 salamander mystics
  A spectral hydra (Swamp:1)
  12 wizards
  An infernal demonspawn (Zig:20)
  A shadow demon (Zig:22)
  A tengu zombie (Vaults:3)
  An entropy weaver zombie (Crypt:3)
  An orange crystal statue (Zig:18)
  15 flayed ghosts
  An iron giant skeleton (Crypt:3)
  7 necromancers
  3 golden dragon skeletons
  17 deep trolls
  5 lindwurms
  10 phantasmal warriors
  A harpy (shapeshifter) (Vaults:3)
  9 naga ritualists
  An iron dragon zombie (Crypt:1)
  22 ironbrand convokers
  2 anaconda skeletons
  14 orc knights
  12 mana vipers
  9 orc sorcerers
  A spectral alligator (Swamp:1)
  3 oklob plants
  3 orb spiders (Zig:15)
  62 deep elf magi
  A fire giant zombie (Tomb:1)
  6 wolf spiders
  5 fauns (Zig:18)
  9 salamanders
  6 manticores
  2 tengu skeletons
  A moth of wrath (shapeshifter) (Vaults:1)
  A sphinx skeleton (D:15)
  3 iron dragon skeletons (Crypt:3)
  55 ugly things
  2 frost giant zombies (Crypt:1)
  11 cyclopes
  2 stone giant zombies
  3 moths of wrath
  A manticore (shapeshifter) (Vaults:2)
  56 black mambas
  5 fire giant skeletons
  7 elephants
  2 black mambas (shapeshifter)
  5 frost giant skeletons
  26 naga magi
  A rust devil (Depths:3)
  8 guardian serpents
  14 vault sentinels
  5 apocalypse crabs
  4 smoke demons (Zig:19)
  A dire elephant skeleton (Crypt:3)
  2 spectral spriggans (Swamp:1)
  4 ice statues
  A merfolk siren (Zig:8)
  An orange demon (Zig:20)
  A yaktaur zombie (D:15)
  2 gargoyles
  A molten gargoyle (Desolation)
  A storm dragon simulacrum (Depths:4)
  A stone giant skeleton (Crypt:3)
  The ghost of PeterQ the Cutter, a novice DsGl (D:4)
  30 spiny frogs
  5 torpor snails
  5 spectral swamp worms
  2 hellions (Zig:20)
  5 demonic crawlers
  3 eyes of devastation (Depths:1)
  An iron troll zombie (Crypt:2)
  16 komodo dragons
  3 rime drakes
  A komodo dragon (shapeshifter) (Vaults:3)
  43 yaktaurs
  9 ice devils
  A yaktaur (shapeshifter) (Vaults:3)
  3 hellwings
  5 tormentors
  2 efreet
  13 freezing wraiths
  5 tengu conjurers
  An ancient zyme (Zig:7)
  6 trolls
  An anaconda simulacrum (Crypt:1)
  51 guardian mummies
  3 red devils
  9 jumping spiders
  A meliai (shapeshifter) (Vaults:2)
  A polar bear (shapeshifter) (Zig:19)
  A meliai (Zig:15)
  2 queen bees (shapeshifter)
  A shadow dragon simulacrum (Vaults:3)
  A death yak skeleton (Lair:3)
  A merfolk (Zig:8)
  8 polar bears
  12 hornets
  16 tyrant leeches
  3 wind drakes (Zig:8)
  A wind drake (shapeshifter) (D:15)
  Grinder (D:5)
  4 hydra zombies
  A raiju (shapeshifter) (Vaults:5)
  Prince Ribbit (D:7)
  45 slime creatures
  A harpy skeleton (Crypt:3)
  2 raiju
  52 saltlings (Desolation)
  11 blink frogs
  13 hippogriffs
  A snapping turtle (Zig:8)
  A dream sheep (Zig:16)
  12 bog bodies
  2 ettin zombies
  An iron dragon simulacrum (Crypt:1)
  2 meliai zombies
  A satyr zombie (Crypt:2)
  A hippogriff (shapeshifter) (Depths:2)
  4 hydra skeletons
  32 flying skulls
  3 small abominations
  17 redbacks
  4 spriggans
  2 spriggans (shapeshifter)
  2 black mamba zombies (Lair:5)
  6 shadows
  13 starcursed masses (Zig:19)
  Sigmund (D:5)
  3 fire dragon skeletons
  An alligator skeleton (Crypt:3)
  An ettin skeleton (Crypt:3)
  8 large abominations
  3 tarantellas
  3 wyverns
  6 ynoxinuls
  A redback (shapeshifter) (Vaults:5)
  An air elemental (Elf:1)
  A yak (shapeshifter) (Vaults:2)
  2 ice dragon skeletons (Crypt:3)
  11 wraiths
  3 fire elementals
  A hog (shapeshifter) (Vaults:2)
  7 ushabtiu
  58 yaks
  5 basilisks
  2 water elementals
  A golden eye (shapeshifter) (Depths:5)
  A golden eye (Zig:9)
  A human (D:7)
  2 hungry ghosts
  2 black mamba skeletons
  10 hogs
  9 vampire mosquitoes
  6 neqoxecs
  10 insubstantial wisps
  A chaos spawn (Depths:1)
  2 spatial vortices (Zig:19)
  17 swamp worms
  7 wargs
  45 nagas
  A soldier ant (D:13)
  A hydra simulacrum (Swamp:1)
  A harpy simulacrum (D:14)
  A spectral spiny frog (Swamp:1)
  7 hell hounds (Depths:1)
  A spiny frog zombie (Lair:5)
  A water moccasin (shapeshifter) (Depths:4)
  Duvessa (D:6)
  2 acid dragons
  16 water moccasins
  A floating eye (shapeshifter) (Vaults:5)
  9 swamp drakes
  2 infernal demonspawn skeletons
  A phantom (D:5)
  9 porcupines
  3 ice beasts
  2 swamp dragon zombies
  A blink frog zombie (Lair:3)
  7 sky beasts
  An eye of draining (shapeshifter) (Vaults:4)
  An elephant zombie (Lair:3)
  A snapping turtle zombie (Crypt:1)
  5 spiny frog skeletons
  2 black bears
  2 necrophages
  28 orc warriors
  16 wolves
  2 hog zombies (Crypt:3)
  32 ogres
  A torpor snail zombie (Crypt:2)
  4 boggarts (Depths:3)
  4 eyes of draining
  A centaur (shapeshifter) (Vaults:3)
  A swamp dragon skeleton (Crypt:3)
  17 centaurs
  A manticore skeleton (Crypt:2)
  A spriggan simulacrum (Swamp:1)
  23 crocodiles
  A big kobold (D:9)
  23 bullfrogs
  Blork the orc (D:4)
  A fire crab zombie (Lair:3)
  5 earth elementals
  4 hippogriff zombies
  4 komodo dragon skeletons
  3 komodo dragon zombies
  An elf skeleton (Crypt:3)
  2 hippogriff skeletons
  Dowan (D:6)
  A spiny frog simulacrum (Swamp:1)
  2 yak zombies (Lair:3)
  2 water moccasin skeletons
  A queen bee zombie (Crypt:3)
  2 scorpions
  An orc simulacrum (Vaults:1)
  2 swamp dragon simulacra (Swamp:1)
  2 yak skeletons
  2 electric eels
  4 wights (D:13)
  A spriggan skeleton (Crypt:1)
  4 howler monkeys (D:11)
  A wolf skeleton (Lair:4)
  5 centaur zombies
  A bullfrog zombie (Lair:3)
  6 crimson imps
  5 hounds
  Crazy Yiuf (D:5)
  18 jellies
  A quasit (Depths:1)
  19 orc priests
  A gnoll shaman (D:9)
  13 orc wizards
  3 bullfrog skeletons
  6 centaur skeletons
  An iron imp (Depths:1)
  A demonspawn skeleton (Crypt:3)
  3 iguanas
  2 porcupine zombies (Lair:3)
  A human skeleton (Crypt:3)
  A spectral swamp drake (Swamp:1)
  3 yak simulacra (D:12)
  6 worker ants
  2 polar bear simulacra (D:12)
  A porcupine skeleton (Lair:6)
  4 wolf simulacra (D:12)
  A felid zombie (Crypt:2)
  A crocodile zombie (Lair:3)
  A dwarf zombie (Crypt:1)
  5 crocodile skeletons
  A big kobold skeleton (Crypt:1)
  An ogre skeleton (Crypt:3)
  A hound skeleton (D:6)
  58 mummies
  3 worker ant zombies
  20 gnolls
  13 adders
  2 steam dragon skeletons
  3 shadow imps
  2 white imps (Depths:1)
  4 worker ant simulacra (D:4)
  2 ufetubi (Depths:1)
  An adder zombie (D:7)
  An ooze (Lair:6)
  2 adder skeletons
  6 worms
  A dart slug (D:1)
  6 leopard geckos
  63 orcs
  A bat zombie (Crypt:3)
  7 giant cockroaches
  2 goblins
  4 hobgoblins
  7 jackals
  22 kobolds
  10 quokkas
  2 ball pythons
  6 bats
  5 frilled lizards
  A jackal skeleton (D:5)
  A leopard gecko zombie (D:5)
  A quokka simulacrum (D:4)
  7 rats
  A rat zombie (Crypt:2)
  2 river rat simulacra (D:12)
  3 briar patches (Swamp:2)
  A butterfly (Lair:4)
  6 fungi
  7 plants
  A spectral weapon (Depths:3)
  A starspawn tentacle (Zig:19)
3094 creatures vanquished.

Vanquished Creatures (collateral kills)
  A pandemonium lord (Zig:20)
  Mennas (Depths:3)
  A blood saint (Zig:20)
  A blizzard demon (Zig:20)
  A spriggan (Swamp:2)
5 creatures vanquished.

Vanquished Creatures (others)
  A vault warden (Vaults:4)
  A stone giant (Depths:3)
  A blood saint (Zig:22)
  A centaur warrior (Vaults:2)
  22 dancing weapons
  A deep elf knight (Elf:2)
  4 deep elf archers
  3 deep elf magi
  A salamander (Snake:4)
  A cyclops (Vaults:1)
  4 yaktaurs
  An ancient zyme (Zig:19)
  A bog body (Swamp:1)
  A blink frog (Swamp:4)
  A redback (Zig:15)
  A centaur (Vaults:2)
  2 briar patches
  5 fungi
  37 plants
  6 spectral weapons
  A starspawn tentacle (Zig:19)
  A withered plant (D:15)
97 creatures vanquished.

Grand Total: 3196 creatures vanquished

Notes
Turn   | Place    | Note
-------+----------+-------------------------------------------
     0 | D:1      | DildoBatman the Formicid Wizard began the quest for the
                  | Orb.
     0 | D:1      | Reached XP level 1. HP: 13/13 MP: 4/4
    85 | D:1      | Reached skill level 1 in Conjurations
   495 | D:1      | Reached XP level 2. HP: 19/19 MP: 3/6
  1154 | D:2      | Reached XP level 3. HP: 24/24 MP: 3/7
  1159 | D:2      | Learned a level 3 spell: Conjure Flame
  1163 | D:2      | Learned a level 3 spell: Mephitic Cloud
  1382 | D:2      | HP: 1/24 [worm (3)]
  1669 | D:2      | Reached XP level 4. HP: 26/30 MP: 2/8
  2251 | D:2      | Found a hide-covered altar of Uskayaw.
  2251 | D:2      | Found an opulent altar of Gozag.
  2252 | D:2      | Found a deep blue altar of Sif Muna.
  2445 | D:3      | Reached XP level 5. HP: 24/35 MP: 5/9
  2621 | D:3      | Reached skill level 1 in Poison Magic
  2852 | D:3      | Reached skill level 1 in Fire Magic
  3384 | D:4      | Noticed Blork the orc
  3419 | D:4      | Reached XP level 6. HP: 41/41 MP: 7/10
  3487 | D:4      | Reached skill level 1 in Air Magic
  3963 | D:4      | Noticed PeterQ's ghost (novice DsGl)
  3963 | D:4      | Noticed an ice beast
  3985 | D:4      | Found a runed translucent gate.
  3985 | D:4      | Found a runed translucent gate.
  3986 | D:4      | Found a runed translucent gate.
  4212 | D:5      | Entered Level 5 of the Dungeon
  4212 | D:5      | Noticed an ice beast
  4224 | D:5      | Noticed Grinder
  4414 | D:5      | Noticed Sigmund
  4517 | D:5      | Found a runed translucent door.
  4518 | D:5      | Noticed Crazy Yiuf
  4583 | D:5      | Noticed a phantom
  4814 | D:6      | Found a staircase to the Ecumenical Temple.
  4822 | Temple   | Entered the Ecumenical Temple
  4948 | Temple   | Became a worshipper of Kikubaaqudgha
  5320 | D:6      | Reached XP level 7. HP: 46/46 MP: 1/11
  5526 | D:5      | Killed Sigmund
  5592 | D:5      | Found a burning altar of Makhleb.
  5695 | D:5      | Reached XP level 8. HP: 32/53 MP: 8/13
  5736 | D:5      | Reached skill level 1 in Fighting
  5870 | D:5      | Killed Grinder
  5870 | D:5      | Reached skill level 1 in Polearms
  5870 | D:5      | Reached skill level 5 in Stealth
  6007 | D:5      | Reached skill level 5 in Poison Magic
  6196 | D:5      | Killed Crazy Yiuf
  6360 | D:4      | Killed Blork the orc
  6360 | D:4      | Reached skill level 1 in Shields
  6414 | D:6      | Noticed Duvessa
  6415 | D:6      | Noticed Dowan
  6442 | D:6      | Killed Duvessa
  6450 | D:6      | Killed Dowan
  6459 | D:6      | Reached XP level 9. HP: 59/61 MP: 1/15
  6647 | D:6      | Reached skill level 1 in Armour
  6910 | D:6      | Noticed a brown ugly thing
  7070 | D:7      | Reached * piety under Kikubaaqudgha
  7070 | D:7      | Identified Kikubaaqudgha's Tome of Sinister Rituals
                  | (Kikubaaqudgha gifted it to you on level 7 of the Dungeon)
  7070 | D:7      | Received a gift from Kikubaaqudgha
  7084 | D:7      | Learned a level 3 spell: Regeneration
  7217 | D:7      | Found a sparkling altar of Nemelex Xobeh.
  7668 | D:7      | Reached XP level 10. HP: 63/69 MP: 8/16
  8215 | D:4      | Killed PeterQ's ghost
  8338 | D:6      | Reached ** piety under Kikubaaqudgha
  8387 | D:6      | Killed a brown ugly thing
  8387 | D:6      | Reached skill level 5 in Spellcasting
  8422 | D:6      | Noticed a cyclops
  8812 | D:6      | Learned a level 3 spell: Ignite Poison
  8914 | D:6      | Killed a cyclops
  8914 | D:6      | Reached skill level 5 in Conjurations
  8941 | D:8      | Noticed Prince Ribbit
  8965 | D:7      | Killed Prince Ribbit
  8991 | D:8      | Noticed a white ugly thing
  9179 | D:8      | Reached skill level 1 in Charms
  9179 | D:8      | Reached skill level 1 in Necromancy
  9232 | D:8      | Reached skill level 5 in Shields
  9872 | D:8      | Killed a white ugly thing
  9872 | D:8      | Reached XP level 11. HP: 78/78 MP: 6/18
 10199 | D:9      | Reached *** piety under Kikubaaqudgha
 10199 | D:9      | Identified Kikubaaqudgha's Guide on Evil (Kikubaaqudgha
                  | gifted it to you on level 9 of the Dungeon)
 10199 | D:9      | Received a gift from Kikubaaqudgha
 10620 | D:9      | Found a staircase to the Lair.
 11034 | D:10     | Entered Level 10 of the Dungeon
 11055 | D:10     | Reached skill level 5 in Fire Magic
 11089 | D:10     | Reached skill level 5 in Armour
 11134 | D:10     | Noticed a two-headed ogre
 11152 | D:10     | Killed a two-headed ogre
 11152 | D:10     | Reached skill level 5 in Fighting
 11270 | D:10     | Noticed Josephine
 11599 | D:10     | Killed Josephine
 11735 | D:10     | Noticed a lindwurm
 11737 | D:10     | Noticed a lindwurm
 11737 | D:10     | Noticed a lindwurm
 11740 | D:10     | Noticed a lindwurm
 11741 | D:10     | Killed a lindwurm
 11745 | D:10     | Killed a lindwurm
 11745 | D:10     | Reached skill level 5 in Necromancy
 11745 | D:10     | Killed a lindwurm
 11753 | D:10     | Killed a lindwurm
 12055 | D:11     | Noticed a red ugly thing
 12143 | D:11     | Reached skill level 1 in Transmutations
 12274 | D:11     | Reached XP level 12. HP: 85/88 MP: 1/22
 12432 | D:11     | Noticed Urug
 12493 | D:11     | Killed Urug
 12652 | D:11     | Reached **** piety under Kikubaaqudgha
 13297 | D:12     | Noticed a four-headed hydra
 13478 | D:12     | Killed a four-headed hydra
 13610 | D:12     | Found a staircase to the Orcish Mines.
 14056 | Orc:1    | Entered Level 1 of the Orcish Mines
 14091 | D:12     | Reached ***** piety under Kikubaaqudgha
 14228 | D:12     | Learned a level 2 spell: Sublimation of Blood
 14234 | D:12     | Learned a level 5 spell: Borgnjor's Vile Clutch
 14240 | D:12     | Learned a level 5 spell: Dispel Undead
 14301 | Orc:1    | Found a runed translucent door.
 14302 | Orc:1    | Noticed DildoBatman's ghost (journeyman FoWz)
 14436 | Orc:1    | Killed DildoBatman's ghost
 14436 | Orc:1    | Reached XP level 13. HP: 57/93 MP: 7/26
 14492 | Orc:1    | Found a roughly hewn altar of Beogh.
 14667 | Orc:1    | Found Koxt's Jewellery Boutique.
 14821 | Orc:2    | Entered Level 2 of the Orcish Mines
 14868 | Orc:2    | Reached skill level 10 in Necromancy
 14986 | Orc:2    | Reached skill level 1 in Earth Magic
 15021 | Orc:2    | Reached skill level 3 in Earth Magic
 15133 | Orc:2    | Found a staircase to the Elven Halls.
 15364 | Orc:2    | Reached skill level 4 in Earth Magic
 15379 | Orc:2    | Reached skill level 5 in Earth Magic
 15427 | Orc:2    | Reached skill level 6 in Earth Magic
 15487 | Orc:2    | Reached skill level 7 in Earth Magic
 15559 | Orc:2    | Reached skill level 8 in Earth Magic
 15754 | Orc:2    | Reached skill level 9 in Earth Magic
 15871 | Orc:2    | Found Vighaomi's Assorted Antiques.
 15875 | Orc:2    | Found Igyta's Jewellery Boutique.
 15879 | Orc:2    | Bought a scroll labeled GORUYT IBRIA for 37 gold pieces
 15879 | Orc:2    | Bought a scroll labeled VAOXEKHISI for 37 gold pieces
 15879 | Orc:2    | Bought a scroll labeled GORUYT IBRIA for 37 gold pieces
 15881 | Orc:2    | Found Zuipp's General Store.
 15883 | Orc:2    | Found Gabbeemn's General Store.
 15911 | Orc:2    | Bought a potion of flight for 42 gold pieces
 15911 | Orc:2    | Bought a potion of ambrosia for 112 gold pieces
 15913 | Orc:2    | Bought a scroll of magic mapping for 52 gold pieces
 15913 | Orc:2    | Bought a scroll of identify for 30 gold pieces
 16095 | Lair:1   | Entered Level 1 of the Lair of Beasts
 16463 | Lair:1   | Noticed a five-headed hydra
 16480 | Lair:1   | Killed a five-headed hydra
 16749 | Lair:1   | Noticed a seven-headed hydra
 16759 | Lair:1   | Killed a seven-headed hydra
 16759 | Lair:1   | Reached skill level 10 in Earth Magic
 17027 | Lair:2   | Noticed an eight-headed hydra
 17047 | Lair:2   | Killed an eight-headed hydra
 17110 | Lair:2   | Reached XP level 14. HP: 70/100 MP: 12/27
 17123 | Lair:2   | Found a staircase to the Swamp.
 17243 | Lair:2   | Reached skill level 10 in Spellcasting
 17606 | Lair:2   | Reached skill level 11 in Earth Magic
 17657 | Lair:3   | Reached ****** piety under Kikubaaqudgha
 17681 | Lair:2   | Received a gift from Kikubaaqudgha
 17683 | Lair:2   | Fell from the grace of Kikubaaqudgha
 17877 | D:2      | Became a worshipper of Gozag Ym Sagoz the Greedy
 17881 | D:2      | You fall through a shaft for 2 floors!
 17884 | D:4      | You fall through a shaft!
 18444 | Lair:3   | Reached skill level 12 in Earth Magic
 19001 | Lair:3   | Noticed a reaper
 19056 | Lair:3   | Noticed a reaper
 19129 | Lair:3   | Got a twisted halberd
 19691 | Lair:3   | Identified the +2 halberd "Raluit" {speed, *Contam Dex+4}
                  | (You found it on level 3 of the Lair of Beasts)
 20011 | Lair:4   | Gained mutation: Scrolls take you a little longer to read.
                  | [potion of mutation]
 20011 | Lair:4   | Gained mutation: You have an increased reservoir of magic.
                  | (+10% MP) [potion of mutation]
 20011 | Lair:4   | Gained mutation: You possess an exceptional clarity of
                  | mind. [potion of mutation]
 20011 | Lair:4   | Gained mutation: You have a somewhat thin skeletal
                  | structure. (Dex +2, Stealth) [potion of mutation]
 20148 | Lair:4   | Found a staircase to the Snake Pit.
 20318 | Lair:4   | Reached skill level 1 in Evocations
 20432 | Lair:4   | Found a deep blue altar of Sif Muna.
 20634 | Lair:5   | Found a shattered altar of Ashenzari.
 21025 | Lair:5   | Reached XP level 15. HP: 84/106 MP: 10/34
 21450 | Lair:5   | Reached skill level 5 in Charms
 21812 | Lair:6   | Entered Level 6 of the Lair of Beasts
 22109 | Lair:6   | Reached skill level 5 in Polearms
 22155 | Lair:6   | Noticed Kirke
 22251 | Lair:5   | Was forgiven by Kikubaaqudgha
 22255 | Lair:5   | Killed Kirke
 22346 | Lair:6   | Found a staircase to the Slime Pits.
 22835 | Lair:6   | Lost mutation: You possess an exceptional clarity of mind.
                  | [potion of mutation]
 22835 | Lair:6   | Lost mutation: Scrolls take you a little longer to read.
                  | [potion of mutation]
 22835 | Lair:6   | Lost mutation: You have an increased reservoir of magic.
                  | (+10% MP) [potion of mutation]
 22835 | Lair:6   | Gained mutation: Your body sometimes deteriorates upon
                  | taking damage. [potion of mutation]
 22835 | Lair:6   | Gained mutation: Your mind is acute. (Int +2) [potion of
                  | mutation]
 22835 | Lair:6   | Gained mutation: Your natural rate of healing is unusually
                  | fast. [potion of mutation]
 22836 | Lair:6   | Lost mutation: Your natural rate of healing is unusually
                  | fast. [potion of mutation]
 22836 | Lair:6   | Lost mutation: Your body sometimes deteriorates upon taking
                  | damage. [potion of mutation]
 22836 | Lair:6   | Lost mutation: You have a somewhat thin skeletal structure.
                  | (Dex +2, Stealth) [potion of mutation]
 22836 | Lair:6   | Lost mutation: Your mind is acute. (Int +2) [potion of
                  | mutation]
 22836 | Lair:6   | Gained mutation: Your mind is acute. (Int +2) [potion of
                  | mutation]
 22836 | Lair:6   | Gained mutation: Your spells are a little harder to cast,
                  | but a little more powerful. [potion of mutation]
 22837 | Lair:6   | Lost mutation: Your mind is acute. (Int +2) [potion of
                  | mutation]
 22837 | Lair:6   | Gained mutation: You are weak. (Str -2) [potion of
                  | mutation]
 22837 | Lair:6   | Gained mutation: Your magical capacity is low. (-10% MP)
                  | [potion of mutation]
 22837 | Lair:6   | Gained mutation: You are covered in fur. (AC +1) [potion of
                  | mutation]
 24064 | D:13     | Found a gate to the Vaults.
 24293 | D:14     | Identified Roxanne's Compendium of Transmigration
 24293 | D:14     | Noticed Roxanne
 24338 | D:14     | Killed Roxanne
 24338 | D:14     | Reached skill level 5 in Dodging
 24338 | D:14     | Reached XP level 16. HP: 93/116 MP: 26/29
 24576 | D:14     | Found a glowing golden altar of the Shining One.
 24614 | D:14     | Found an opulent altar of Gozag.
 24944 | D:15     | Entered Level 15 of the Dungeon
 24991 | D:15     | Learned a level 3 spell: Spectral Weapon
 24994 | D:15     | Learned a level 2 spell: Shroud of Golubria
 25083 | D:15     | Reached skill level 1 in Translocations
 25198 | D:15     | Found a staircase to the Depths.
 25241 | D:15     | Reached skill level 1 in Hexes
 25428 | D:15     | Found a white marble altar of Elyvilon.
 25642 | D:15     | Reached skill level 5 in Evocations
 26392 | Orc:2    | Bought an uncursed ring of poison resistance for 280 gold
                  | pieces
 26555 | D:9      | Bought a distressingly furry robe for 188 gold pieces
 26555 | D:9      | Bought a distressingly furry robe for 188 gold pieces
 26555 | D:9      | Bought a potion of curing for 99 gold pieces
 26555 | D:9      | Bought a potion of brilliance for 132 gold pieces
 26555 | D:9      | Bought a scroll of identify for 66 gold pieces
 26567 | D:9      | Identified the +2 robe "Gueqisuc" {Int+3} (You bought it in
                  | a shop on level 9 of the Dungeon)
 26577 | D:9      | Identified the +2 robe "Nickiuloe" {*Slow rElec rPois} (You
                  | bought it in a shop on level 9 of the Dungeon)
 26598 | D:9      | Bought the +11 rapier of Roenk {flame, +Rage rPois rC- rN+
                  | Dex+2} for 1487 gold pieces
 26601 | D:9      | Gained mutation: You are frail. (-10% HP) [mutagenic glow]
 26819 | Snake:1  | Entered Level 1 of the Snake Pit
 26909 | Snake:1  | Found a basalt altar of Yredelemnul.
 27293 | Snake:1  | Reached skill level 1 in Short Blades
 28209 | Snake:2  | Upgraded the game from 0.23-b1-86-gba62f8e092 to 0.23.0
 28383 | Snake:2  | Noticed Frances
 28392 | Snake:2  | Killed Frances
 28392 | Snake:2  | Reached XP level 17. HP: 62/111 MP: 23/30
 29411 | Snake:3  | Found a gateway to a bazaar.
 29751 | Snake:4  | Entered Level 4 of the Snake Pit
 29919 | Snake:4  | Reached skill level 10 in Stealth
 29963 | Snake:4  | Reached skill level 5 in Hexes
 30088 | Snake:4  | Reached XP level 18. HP: 85/119 MP: 5/31
 30593 | Snake:4  | Reached skill level 5 in Short Blades
 30723 | Snake:4  | Found Jetaogoq's Jewellery Boutique.
 30723 | Snake:4  | Found Ziqafeux's Gadget Emporium.
 30724 | Snake:4  | Found Uclat's Jewellery Boutique.
 30778 | Snake:4  | Reached skill level 10 in Fighting
 30801 | Snake:4  | Got a serpentine rune of Zot
 31318 | Swamp:1  | Entered Level 1 of the Swamp
 31599 | Swamp:1  | Found a runed translucent door.
 31617 | Swamp:1  | Found a runed translucent gate.
 31617 | Swamp:1  | Found a runed translucent gate.
 31617 | Swamp:1  | Found a runed translucent gate.
 31634 | Swamp:1  | Noticed Vudadgh's ghost (adept HuWr)
 32287 | Swamp:1  | Found the +3 warlock's mirror {reflect}
 32287 | Swamp:1  | Found the brooch of Shielding {Reflect SH+8}
 32936 | Swamp:1  | Killed Vudadgh's ghost
 33250 | Swamp:2  | Reached XP level 19. HP: 119/126 MP: 28/33
 33606 | Swamp:2  | Reached skill level 15 in Spellcasting
 34166 | Swamp:3  | Reached skill level 5 in Transmutations
 34919 | Swamp:4  | Entered Level 4 of the Swamp
 34921 | Swamp:4  | Noticed a tentacled monstrosity
 34937 | Swamp:4  | Killed a tentacled monstrosity
 35367 | Swamp:4  | Got a warped lajatang
 35368 | Swamp:4  | Identified the +7 lajatang of Odegix {freeze, rF+ MR++
                  | Str+2 Int+4} (You found it on level 4 of the Swamp)
 35515 | Swamp:4  | Reached skill level 1 in Staves
 35556 | Swamp:4  | Noticed the 27-headed Lernaean hydra
 35568 | Swamp:4  | Killed the 27-headed Lernaean hydra
 35676 | Swamp:4  | Got a decaying rune of Zot
 36290 | Vaults:1 | Entered Level 1 of the Vaults
 36653 | Elf:1    | Entered Level 1 of the Elven Halls
 37093 | Elf:1    | Reached XP level 20. HP: 132/132 MP: 22/35
 37189 | Elf:1    | Noticed Azrael
 37195 | Elf:1    | Killed Azrael
 37572 | Elf:2    | Reached skill level 5 in Staves
 37800 | Elf:2    | Got an ichor-stained great sword
 37828 | Elf:2    | Identified the +8 great sword of Anio {slice, *Noise +Blink
                  | Str+8 Dex-4} (You found it on level 2 of the Elven Halls)
 37921 | Elf:2    | Found a huge runed translucent gate.
 37921 | Elf:2    | Found a huge runed translucent gate.
 37927 | Elf:2    | Found a huge runed translucent gate.
 37927 | Elf:2    | Found a huge runed translucent gate.
 37927 | Elf:2    | Found a huge runed translucent gate.
 38202 | Elf:2    | Reached skill level 10 in Transmutations
 38574 | Elf:3    | Entered Level 3 of the Elven Halls
 38665 | Elf:3    | Found an ancient bone altar of Kikubaaqudgha.
 38823 | Elf:3    | Found Fuzyp's Magic Scroll Shoppe.
 38842 | Elf:3    | Bought a scroll of enchant armour for 142 gold pieces
 38842 | Elf:3    | Bought a scroll of identify for 38 gold pieces
 38842 | Elf:3    | Bought a scroll of fog for 38 gold pieces
 39112 | Elf:3    | Identified the +7 mace of the Six Souls {vamp, Str+4 Dex+4}
 39221 | Elf:3    | Reached XP level 21. HP: 137/137 MP: 22/36
 39232 | Elf:3    | Reached skill level 15 in Necromancy
 39257 | Elf:3    | Identified the ring of the Dragon {Ice +Fly rN+ Str+4
                  | Dex-4}
 39288 | Elf:3    | Identified the ring "Jouvy" {*Tele *Corrode rElec rC+}
 39288 | Elf:3    | Identified the ring "Zupt" {Int+5 Dex+3}
 39411 | Elf:3    | Identified the +7 dire flail "Esusan" {freeze, rPois Str+6}
 39620 | Elf:3    | Identified Yroi's Grimoire of Displaced Ignition
 39647 | Elf:3    | Got a twisted glaive
 39648 | Elf:3    | Identified the +4 glaive of Beimm {protect, rElec rF+ rN+
                  | Str-4} (You found it on level 3 of the Elven Halls)
 39651 | Elf:3    | Got a scorched mace
 39652 | Elf:3    | Identified the +7 mace of Carabu {freeze, rN+ Str+6} (You
                  | found it on level 3 of the Elven Halls)
 40697 | Bazaar   | Entered a bazaar
 40711 | Bazaar   | Found Edghostoawk's Book Emporium.
 40717 | Bazaar   | Bought a manual of Bows for 1104 gold pieces
 40717 | Bazaar   | Bought a book of Summonings for 700 gold pieces
 40717 | Bazaar   | Bought a book of Frost for 350 gold pieces
 40728 | Bazaar   | Found Juen's Food Shoppe.
 40743 | Bazaar   | Found Kier's Assorted Antiques.
 40743 | Bazaar   | Found Acrieror's Armour Shoppe.
 40753 | Bazaar   | Bought a spiked leather armour for 154 gold pieces
 40753 | Bazaar   | Bought a scroll of enchant armour for 165 gold pieces
 40753 | Bazaar   | Bought a scroll of identify for 44 gold pieces
 40753 | Bazaar   | Bought a potion of curing for 66 gold pieces
 40753 | Bazaar   | Bought a wide paperback book for 330 gold pieces
 40764 | Bazaar   | Found Gutuam's Assorted Antiques.
 40768 | Bazaar   | Bought a potion of heal wounds for 140 gold pieces
 40768 | Bazaar   | Bought a paperback book for 420 gold pieces
 40768 | Bazaar   | Bought a brown potion for 25 gold pieces
 40823 | Bazaar   | Bought a ration for 30 gold pieces
 40823 | Bazaar   | Bought a ration for 30 gold pieces
 40823 | Bazaar   | Bought a ration for 30 gold pieces
 40823 | Bazaar   | Bought a ration for 30 gold pieces
 40823 | Bazaar   | Bought a ration for 30 gold pieces
 40823 | Bazaar   | Bought a ration for 30 gold pieces
 40823 | Bazaar   | Bought a ration for 30 gold pieces
 41177 | D:13     | Identified the +3 leather armour of Taept {+Fly rC++ Str-2}
                  | (You bought it in a shop in a bazaar)
 41630 | Vaults:1 | Found Xeeramon's Assorted Antiques.
 41638 | Vaults:1 | Bought a potion of curing for 114 gold pieces
 41638 | Vaults:1 | Bought a potion of curing for 114 gold pieces
 41638 | Vaults:1 | Bought a glowing metal-bound book for 570 gold pieces
 41638 | Vaults:1 | Bought a scroll of fog for 76 gold pieces
 41650 | Vaults:1 | Learned a level 2 spell: Swiftness
 41654 | Vaults:1 | Learned a level 3 spell: Ozocubu's Armour
 41659 | Vaults:1 | Learned a level 4 spell: Passage of Golubria
 41665 | Vaults:1 | Learned a level 5 spell: Aura of Abjuration
 41671 | Vaults:1 | Learned a level 5 spell: Summon Mana Viper
 41856 | Vaults:1 | Reached skill level 1 in Ice Magic
 41975 | Vaults:1 | Found a runed translucent gate.
 41976 | Vaults:1 | Found a runed translucent gate.
 41977 | Vaults:1 | Found a runed translucent gate.
 41977 | Vaults:1 | Noticed wjh11's ghost (veteran MiBe)
 42117 | Vaults:1 | Reached XP level 22. HP: 125/143 MP: 20/36
 42228 | Vaults:1 | Noticed Asterion
 42244 | Vaults:1 | Killed Asterion
 42723 | Vaults:1 | Killed wjh11's ghost
 42723 | Vaults:1 | Reached skill level 5 in Summonings
 42723 | Vaults:1 | Reached skill level 5 in Ice Magic
 42748 | Vaults:1 | Got a transparent plate armour
 42760 | Vaults:1 | Identified the +1 plate armour of Grace {SInv} (You found
                  | it on level 1 of the Vaults)
 43124 | Vaults:2 | Found a ruined gateway.
 43150 | Vaults:2 | Identified a scroll of acquirement
 43158 | Vaults:2 | Got a shimmering turquoise ring
 43159 | Vaults:2 | Identified the ring of the Madman {Int+4 Dex+3} (You
                  | acquired it on level 2 of the Vaults)
 43163 | Desolati | Entered the Desolation of Salt
 44311 | Desolati | Identified Sefyheudgh's Volume of Creative Flight
 44316 | Desolati | Got an ichor-stained plate armour
 44337 | Desolati | Identified the +3 plate armour of Existentialism {+Blink
                  | +Fly rElec Stlth+} (You found it in the Desolation of Salt)
 44492 | Desolati | Reached XP level 23. HP: 148/148 MP: 28/37
 44550 | Desolati | Identified the Tome of the Shifting Escort
 44558 | Desolati | Identified Sif Muna's Guide on Creation and Good Luck
 44561 | Desolati | Got a fine spear
 44762 | Desolati | Identified the ring of the Zebra {Ice *Contam rN+ Dex+4
                  | Stlth+}
 44976 | Desolati | Got a twisted quarterstaff
 45041 | Desolati | Got an iridescent quarterstaff
 45128 | Vaults:2 | Identified the cursed +0 spear of Regicide {venom, *Corrode
                  | Str+5 Dex+4 Stlth+} (You found it in the Desolation of
                  | Salt)
 45135 | Vaults:2 | Identified the +5 quarterstaff "Weomm" {crush, +Blink rC-
                  | Int+3} (You found it in the Desolation of Salt)
 45136 | Vaults:2 | Identified the +0 quarterstaff of the Forgotten Queens
                  | {holy, Str+4} (You found it in the Desolation of Salt)
 45863 | Vaults:2 | Reached skill level 10 in Evocations
 46501 | Vaults:3 | Found Welerret's Antique Weapon Emporium.
 47418 | Vaults:3 | Found a staircase to the Crypt.
 47464 | Vaults:3 | You fall through a shaft!
 47803 | Vaults:4 | Reached XP level 24. HP: 151/154 MP: 21/37
 48558 | Vaults:4 | Reached skill level 15 in Transmutations
 48822 | Vaults:4 | Learned a level 8 spell: Necromutation
 48911 | Crypt:1  | Entered Level 1 of the Crypt
 50278 | Crypt:2  | Bought a potion of mutation for 176 gold pieces
 50278 | Crypt:2  | Bought a potion of mutation for 176 gold pieces
 50278 | Crypt:2  | Bought a potion of mutation for 176 gold pieces
 50278 | Crypt:2  | Bought a potion of curing for 66 gold pieces
 50278 | Crypt:2  | Bought a potion of brilliance for 88 gold pieces
 50278 | Crypt:2  | Bought a potion of might for 88 gold pieces
 50278 | Crypt:2  | Bought a potion of agility for 88 gold pieces
 50278 | Crypt:2  | Bought a potion of cancellation for 176 gold pieces
 50278 | Crypt:2  | Bought a potion of magic for 176 gold pieces
 50280 | Crypt:2  | Lost mutation: Your spells are a little harder to cast, but
                  | a little more powerful. [potion of mutation]
 50280 | Crypt:2  | Lost mutation: You are frail. (-10% HP) [potion of
                  | mutation]
 50280 | Crypt:2  | Lost mutation: You are weak. (Str -2) [potion of mutation]
 50280 | Crypt:2  | Gained mutation: You are clumsy. (Dex -2) [potion of
                  | mutation]
 50280 | Crypt:2  | Lost mutation: You are covered in fur. (AC +1) [potion of
                  | mutation]
 50280 | Crypt:2  | Gained mutation: You are weak. (Str -2) [potion of
                  | mutation]
 50280 | Crypt:2  | Gained mutation: You expend magic power (3 MP) to
                  | strengthen your wands. [potion of mutation]
 50281 | Crypt:2  | Lost mutation: You are clumsy. (Dex -2) [potion of
                  | mutation]
 50281 | Crypt:2  | Lost mutation: Your magical capacity is low. (-10% MP)
                  | [potion of mutation]
 50281 | Crypt:2  | Gained mutation: You are robust. (+10% HP) [potion of
                  | mutation]
 50281 | Crypt:2  | Gained mutation: Your mind is acute. (Int +2) [potion of
                  | mutation]
 50281 | Crypt:2  | Gained mutation: You possess an exceptional clarity of
                  | mind. [potion of mutation]
 50304 | Crypt:3  | Entered Level 3 of the Crypt
 50527 | Crypt:3  | Found an ancient bone altar of Kikubaaqudgha.
 50532 | Crypt:3  | Reached XP level 25. HP: 116/194 MP: 24/42
 50703 | Crypt:3  | Noticed an ancient lich
 50743 | Crypt:3  | Killed an ancient lich
 50781 | Crypt:3  | Got a translucent amethyst amulet
 50820 | Crypt:3  | Identified the amulet of the Louse {*Corrode +Rage rN++
                  | Int+4} (You found it on level 3 of the Crypt)
 50833 | Crypt:3  | Got a bloodstained quarterstaff
 50834 | Crypt:3  | Identified the +8 quarterstaff of the Endless Expanse
                  | {crush, *Corrode +Inv rElec MR-} (You found it on level 3
                  | of the Crypt)
 51234 | Crypt:3  | Found a staircase to the Tomb.
 51747 | Crypt:3  | Got a flickering wooden ring
 51747 | Crypt:3  | Got a heavily runed platinum ring
 51748 | Crypt:3  | Identified the ring of Xom's Malicious Joy {+Inv rPois rF+
                  | rN+ Str-5} (You found it on level 3 of the Crypt)
 51750 | Crypt:3  | Identified the ring "Gofuaroo" {rN+ Str+6} (You found it on
                  | level 3 of the Crypt)
 52179 | Tomb:1   | Entered Level 1 of the Tomb of the Ancients
 52743 | Tomb:1   | Noticed a greater mummy
 52766 | Tomb:1   | Killed a greater mummy
 52910 | Tomb:1   | Reached XP level 26. HP: 202/202 MP: 25/42
 52913 | Tomb:1   | Reached skill level 13 in Earth Magic
 52925 | Tomb:1   | Noticed a greater mummy
 52951 | Tomb:1   | Killed a greater mummy
 53119 | Tomb:1   | Reached skill level 14 in Earth Magic
 53398 | Tomb:1   | Bought a book of the Earth for 1300 gold pieces
 53408 | Tomb:1   | Learned a level 9 spell: Shatter
 53412 | Tomb:1   | Noticed a greater mummy
 53414 | Tomb:1   | Noticed a greater mummy
 53414 | Tomb:1   | Noticed a greater mummy
 53415 | Tomb:1   | Noticed a greater mummy
 53420 | Tomb:1   | Killed a greater mummy
 53420 | Tomb:1   | Noticed a greater mummy
 53421 | Tomb:1   | Noticed a greater mummy
 53587 | Tomb:1   | Killed a greater mummy
 53587 | Tomb:1   | Reached skill level 15 in Earth Magic
 53590 | Tomb:1   | Killed a greater mummy
 53634 | Tomb:1   | Noticed a greater mummy
 53645 | Tomb:1   | Killed a greater mummy
 53652 | Tomb:1   | Noticed a greater mummy
 53653 | Tomb:1   | Noticed a greater mummy
 53660 | Tomb:1   | Killed a greater mummy
 53660 | Tomb:1   | Reached skill level 16 in Earth Magic
 53668 | Tomb:1   | Killed a greater mummy
 53669 | Tomb:1   | Noticed a greater mummy
 53672 | Tomb:1   | Noticed a greater mummy
 53679 | Tomb:1   | Killed a greater mummy
 53687 | Tomb:1   | Noticed a greater mummy
 53691 | Tomb:1   | Killed a greater mummy
 53712 | Tomb:1   | Killed a greater mummy
 53712 | Tomb:1   | Reached skill level 17 in Earth Magic
 53740 | Tomb:1   | Noticed a greater mummy
 53754 | Tomb:1   | Killed a greater mummy
 53816 | Tomb:1   | Noticed a greater mummy
 53824 | Tomb:1   | Killed a greater mummy
 53903 | Tomb:1   | Noticed a greater mummy
 53905 | Tomb:1   | Noticed a greater mummy
 53910 | Tomb:1   | Noticed a greater mummy
 53917 | Tomb:1   | Killed a greater mummy
 53917 | Tomb:1   | Reached skill level 18 in Earth Magic
 53918 | Tomb:1   | Noticed a greater mummy
 53919 | Tomb:1   | Killed a greater mummy
 53922 | Tomb:1   | Killed a greater mummy
 53927 | Tomb:1   | Killed a greater mummy
 53933 | Tomb:1   | Reached XP level 27. HP: 147/209 MP: 5/42
 54152 | Tomb:1   | Noticed a greater mummy
 54165 | Tomb:1   | Killed a greater mummy
 54169 | Tomb:1   | Killed a greater mummy
 54169 | Tomb:1   | Reached skill level 19 in Earth Magic
 54402 | Tomb:1   | Killed a greater mummy
 54448 | Tomb:1   | Killed a greater mummy
 54629 | Tomb:2   | Noticed a greater mummy
 54632 | Tomb:2   | Noticed a greater mummy
 54639 | Tomb:2   | Killed a greater mummy
 54639 | Tomb:2   | Reached skill level 20 in Earth Magic
 54838 | Tomb:2   | Noticed a greater mummy
 54842 | Tomb:2   | Killed a greater mummy
 54847 | Tomb:2   | Killed a greater mummy
 54852 | Tomb:2   | Noticed a greater mummy
 54973 | Tomb:2   | Killed a greater mummy
 55010 | Tomb:2   | Reached skill level 21 in Earth Magic
 55547 | Tomb:3   | Entered Level 3 of the Tomb of the Ancients
 55555 | Tomb:3   | Noticed a greater mummy
 55561 | Tomb:3   | Noticed a greater mummy
 55573 | Tomb:3   | Reached skill level 22 in Earth Magic
 55692 | Tomb:3   | Noticed a greater mummy
 55693 | Tomb:3   | Noticed a greater mummy
 55698 | Tomb:3   | Killed a greater mummy
 55698 | Tomb:3   | Killed a greater mummy
 55698 | Tomb:3   | Killed a greater mummy
 55698 | Tomb:3   | Reached skill level 23 in Earth Magic
 55698 | Tomb:3   | Killed a greater mummy
 56001 | Tomb:3   | Identified the Incunabulum of Enchantment and Dislocation
 56050 | Tomb:3   | Got a slimy wooden ring
 56249 | Tomb:3   | Identified the Incunabulum of Shape Shifting and Ice
 56253 | Tomb:3   | Identified the Almanac of the Dislocated Rocks
 56257 | Tomb:3   | Identified the Guide on Lethal Feathers
 56260 | Tomb:3   | Got a fine ruby amulet
 56312 | Tomb:3   | Got a faintly glowing sapphire amulet
 56347 | Tomb:3   | Got a faintly glowing great sword
 56515 | Tomb:3   | Noticed a greater mummy
 56516 | Tomb:3   | Reached skill level 24 in Earth Magic
 56518 | Tomb:3   | Noticed a greater mummy
 56529 | Tomb:3   | Noticed a greater mummy
 56532 | Tomb:3   | Noticed a greater mummy
 56647 | Tomb:3   | Killed a greater mummy
 56649 | Tomb:3   | Killed a greater mummy
 56652 | Tomb:3   | Killed a greater mummy
 56669 | Tomb:3   | Killed a greater mummy
 56792 | Tomb:3   | Got a golden rune of Zot
 56818 | Tomb:3   | Noticed a greater mummy
 56824 | Tomb:3   | Killed a greater mummy
 57281 | Vaults:4 | Identified the +6 great sword of the Hawk {holy, rN+} (You
                  | found it on level 3 of the Tomb of the Ancients)
 57283 | Vaults:4 | Identified the ring of the Cricket {Ice rElec rPois Int-2
                  | Dex+7} (You found it on level 3 of the Tomb of the
                  | Ancients)
 57287 | Vaults:4 | Identified the amulet "Fyam" {RegenMP Str-4 Dex+2 SInv}
                  | (You found it on level 3 of the Tomb of the Ancients)
 57289 | Vaults:4 | Identified the amulet "Niquept" {Harm *Drain Str+4} (You
                  | found it on level 3 of the Tomb of the Ancients)
 57312 | Vaults:5 | Entered Level 5 of the Vaults
 57312 | Vaults:5 | Noticed an ancient lich
 57313 | Vaults:5 | Reached skill level 25 in Earth Magic
 57314 | Vaults:5 | Killed an ancient lich
 57320 | Vaults:5 | Noticed an ancient lich
 57399 | Vaults:5 | Noticed an ancient lich
 57401 | Vaults:5 | Killed an ancient lich
 57401 | Vaults:5 | Reached skill level 26 in Earth Magic
 57540 | Vaults:5 | Killed an ancient lich
 57619 | Vaults:5 | Identified the ring of Activism {rPois MP+9 Str+5}
 57620 | Vaults:5 | Reached skill level 27 in Earth Magic
 57714 | Vaults:5 | Reached skill level 5 in Air Magic
 58264 | Vaults:5 | Identified the +8 spear "Meniedel" {vamp, rElec rF+ SInv}
 58512 | Vaults:5 | Killed an ancient lich
 58555 | Vaults:5 | Identified the Handbook of Vitriolic Stolen Souls
 58666 | Vaults:5 | Got a flickering jade amulet
 58668 | Vaults:5 | Got a bound lead ring
 58673 | Vaults:5 | Got a crude leather armour
 58708 | Vaults:5 | Got a shimmering glass ring
 58824 | Vaults:5 | Found Susei's Magic Scroll Emporium.
 58844 | Vaults:5 | Bought a scroll of identify for 32 gold pieces
 59042 | Vaults:5 | Got a silver rune of Zot
 59162 | Vaults:5 | Identified the +6 leather armour of the Hills {+Fly} (You
                  | found it on level 5 of the Vaults)
 59193 | Vaults:5 | Identified the ring "Lentan" {MR+ MP+9 Str+2 Dex+2} (You
                  | found it on level 5 of the Vaults)
 59196 | Vaults:5 | Identified the amulet of the Louse {Inacc rN+} (You found
                  | it on level 5 of the Vaults)
 59198 | Vaults:5 | Identified the ring "Emoped" {rF+ Int+2 Stlth-} (You found
                  | it on level 5 of the Vaults)
 59204 | Vaults:5 | Got a translucent spear
 59205 | Vaults:5 | Identified the +5 spear of Mipiplu {venom, rElec rC+ Str+2}
                  | (You found it on level 5 of the Vaults)
 59800 | Tomb:1   | Bought a book of the Sky for 1300 gold pieces
 60145 | Depths:1 | Entered Level 1 of the Depths
 60164 | Depths:1 | Reached skill level 10 in Air Magic
 60274 | Depths:1 | Found a one-way gate leading to the halls of Pandemonium.
 60425 | Depths:1 | Found a gateway to a ziggurat.
 60742 | Depths:1 | Found a gateway to Hell.
 62267 | Depths:3 | Found Tiaty's Armour Shop.
 62269 | Depths:3 | Found Zinah's Gadget Boutique.
 62271 | Depths:3 | Found Misewer's Antique Armour Shop.
 62427 | Depths:3 | Bought a bloodstained robe for 148 gold pieces
 62427 | Depths:3 | Bought a distressingly furry leather armour for 182 gold
                  | pieces
 62427 | Depths:3 | Bought an encrusted buckler for 247 gold pieces
 62537 | Depths:3 | Noticed Mennas
 62729 | Depths:3 | Noticed Jory
 62743 | Depths:3 | Killed Jory
 62955 | Depths:3 | Noticed an ancient lich
 62964 | Depths:3 | Killed an ancient lich
 62974 | Depths:3 | Identified the Incunabulum of Fetching Ignition
 63007 | Depths:3 | Identified the +1 robe of Day {rF+ rN++ MR-} (You bought it
                  | in a shop on level 3 of the Depths)
 63018 | Depths:3 | Identified the cursed +1 leather armour "Varar" {Str+6}
                  | (You bought it in a shop on level 3 of the Depths)
 63031 | Depths:3 | Got a translucent ivory ring
 63032 | Depths:3 | Identified the ring "Meyfrilu" {rF++ MR+ MP+9 Dex+3} (You
                  | acquired it on level 3 of the Depths)
 63047 | Depths:3 | Got a polished spear
 63102 | Depths:3 | Killed Mennas
 63102 | Depths:3 | Reached skill level 15 in Air Magic
 63140 | Depths:3 | Noticed Saint Roka
 63149 | Depths:3 | Killed Saint Roka
 63321 | Depths:3 | Identified the ring of the Commoners {+Blink MR+ MP+9
                  | Slay+6}
 63992 | Depths:4 | Noticed Louise
 63999 | Depths:4 | Killed Louise
 64137 | Depths:4 | Found a one-way gate to the infinite horrors of the Abyss.
 64198 | Depths:4 | Found a corrupted altar of Lugonu.
 64469 | Depths:4 | Identified the +8 spear of Imminent Death {holy, rC++} (You
                  | found it on level 3 of the Depths)
 64612 | Depths:5 | Entered Level 5 of the Depths
 65324 | Depths:5 | Found a gate to the Realm of Zot.
 65531 | Depths:5 | Noticed Zaureus's ghost (adept TrMo)
 65531 | Depths:5 | Noticed Uvaxuoh's ghost (adept TrMo)
 65531 | Depths:5 | Noticed Ogotegun's ghost (adept DgCj)
 65531 | Depths:5 | Noticed Imio's ghost (adept DgCj)
 65540 | Depths:4 | Killed Zaureus's ghost
 65565 | Depths:4 | Killed Uvaxuoh's ghost
 65634 | Depths:5 | Killed Imio's ghost
 65639 | Depths:5 | Killed Ogotegun's ghost
 66045 | Depths:4 | Bought a potion of heal wounds for 220 gold pieces
 66045 | Depths:4 | Bought a scroll of identify for 88 gold pieces
 66045 | Depths:4 | Bought a potion of agility for 176 gold pieces
 66045 | Depths:4 | Bought an ivory glaive for 506 gold pieces
 66047 | Depths:4 | Bought an ichor-stained long sword for 459 gold pieces
 66051 | Depths:4 | Bought an ichor-stained ring mail for 288 gold pieces
 66051 | Depths:4 | Bought a pair of shimmering boots for 304 gold pieces
 66052 | Depths:4 | Identified the +8 glaive of Sukoet {chop, +Fly rElec Dex+3}
                  | (You bought it in a shop on level 4 of the Depths)
 66053 | Depths:4 | Identified the +7 long sword of the Soothsayer {pain,
                  | Int+5} (You bought it in a shop on level 4 of the Depths)
 66054 | Depths:4 | Identified the +0 ring mail of the Invisible Souls {+Inv
                  | rElec rN+ Str-3} (You bought it in a shop on level 4 of the
                  | Depths)
 66055 | Depths:4 | Identified the +0 pair of boots of Lugonu's Whim {Regen+
                  | Dex+3} (You bought it in a shop on level 4 of the Depths)
 66130 | Depths:3 | Identified the +6 buckler of the Invisible Hand {rPois
                  | rCorr Str+4 Dex-4} (You bought it in a shop on level 3 of
                  | the Depths)
 66191 | Depths:4 | Learned a level 9 spell: Tornado
 66402 | Zig:1    | Entered Level 1 of a ziggurat
 66402 | Zig:1    | Noticed a shard shrike
 66415 | Zig:1    | Killed a shard shrike
 66451 | Zig:2    | Entered Level 2 of a ziggurat
 66493 | Zig:3    | Entered Level 3 of a ziggurat
 66521 | Zig:4    | Entered Level 4 of a ziggurat
 66584 | Zig:5    | Entered Level 5 of a ziggurat
 66631 | Zig:6    | Entered Level 6 of a ziggurat
 66637 | Zig:6    | Noticed Ruweroc the pandemonium lord
 66649 | Zig:6    | Killed Ruweroc the pandemonium lord
 66660 | Zig:6    | Got a bound garnet amulet
 66693 | Zig:6    | Identified the amulet "Bapaeke" {Faith rPois rF+ MR+
                  | Stlth+} (You found it on level 6 of a ziggurat)
 66707 | Zig:7    | Entered Level 7 of a ziggurat
 66716 | Zig:7    | Found the ring of Shadows {Umbra +Inv Stlth+}
 66796 | Zig:8    | Entered Level 8 of a ziggurat
 66878 | Zig:9    | Entered Level 9 of a ziggurat
 66937 | Zig:9    | Identified Mepoe's Grimoire of the Frigorific Birds
 66976 | Zig:10   | Entered Level 10 of a ziggurat
 67055 | Zig:10   | Got a crystal whip
 67059 | Zig:10   | Identified the +4 whip "Jorufupnao" {vamp, Dex+3} (You
                  | found it on level 10 of a ziggurat)
 67068 | Zig:11   | Entered Level 11 of a ziggurat
 67124 | Zig:11   | Identified the Collected Works on Battle Magic and
                  | Enchantment
 67174 | Zig:11   | Got a jewelled plate armour
 67185 | Zig:11   | Identified the cursed +1 plate armour of a ziggurat
                  | {Slay+2} (You found it on level 11 of a ziggurat)
 67187 | Zig:11   | Got a polished hunting sling
 67191 | Zig:11   | Identified the cursed +2 hunting sling of the Heavens
                  | {freeze, MR++ Int-2} (You found it on level 11 of a
                  | ziggurat)
 67208 | Zig:12   | Entered Level 12 of a ziggurat
 67340 | Zig:12   | Got an encrusted eveningstar
 67342 | Zig:12   | Got a shimmering flail
 67343 | Zig:12   | Identified the +8 flail of the Enemy {freeze, *Drain MR+
                  | Str+4} (You found it on level 12 of a ziggurat)
 67345 | Zig:12   | Identified the cursed +3 eveningstar "Geukofa" {drain,
                  | rElec rF+} (You found it on level 12 of a ziggurat)
 67368 | Zig:13   | Entered Level 13 of a ziggurat
 67421 | Zig:13   | Got a smoking brass amulet
 67489 | Zig:13   | Identified the amulet of Xufos {Acrobat rElec rPois rC-
                  | Int+2} (You found it on level 13 of a ziggurat)
 67496 | Zig:14   | Entered Level 14 of a ziggurat
 67575 | Zig:14   | Identified the Guide on the Volcanoes
 67585 | Zig:14   | Got a translucent jade ring
 67664 | Zig:14   | Identified the ring of Renuwko {rN+ MR+ Str-4 Dex+4 Stlth-}
                  | (You found it on level 14 of a ziggurat)
 67676 | Zig:15   | Entered Level 15 of a ziggurat
 67848 | Zig:15   | Found the +9 staff of Wucad Mu {channel}
 67899 | Zig:15   | Got a shimmering war axe
 67902 | Zig:15   | Identified the +7 war axe "Awof" {chop, rElec rC++ Dex+2}
                  | (You found it on level 15 of a ziggurat)
 67907 | Zig:15   | Got a faintly glowing short sword
 67908 | Zig:15   | Identified the cursed +1 short sword of Disorder {vamp,
                  | rElec Str+4 Stlth-} (You found it on level 15 of a
                  | ziggurat)
 67931 | Zig:16   | Entered Level 16 of a ziggurat
 67991 | Zig:16   | Found the +10 zealot's sword {holy, *Rage rN+ EV+3}
 68068 | Zig:16   | Got an ancient ivory amulet
 68115 | Zig:16   | Identified the amulet of the Will of the Gods {Inacc rC+
                  | Int+4 Dex+2} (You found it on level 16 of a ziggurat)
 68130 | Zig:16   | Got a pair of encrusted gloves
 68146 | Zig:16   | Identified the +2 pair of gloves of Prudence {Str+3} (You
                  | found it on level 16 of a ziggurat)
 68152 | Zig:17   | Entered Level 17 of a ziggurat
 68169 | Zig:17   | Noticed an ancient lich
 68177 | Zig:17   | Killed an ancient lich
 68366 | Zig:17   | Got an agate-encrusted chain mail
 68381 | Zig:17   | Identified the +8 chain mail "Hopaps" {+Blink Slay+2 SInv}
                  | (You found it on level 17 of a ziggurat)
 68402 | Zig:18   | Entered Level 18 of a ziggurat
 68561 | Zig:18   | Identified Zucsok's Handbook of Blistering Toxins
 68620 | Zig:18   | Got a fine trident
 68629 | Zig:18   | Identified the +1 trident of Unpleasantness {holy, rF+
                  | Dex+3} (You found it on level 18 of a ziggurat)
 68645 | Zig:19   | Entered Level 19 of a ziggurat
 68852 | Zig:19   | Got a wavering copper amulet
 68915 | Zig:19   | Got fine swamp dragon scales
 68927 | Zig:19   | Identified the cursed +1 swamp dragon scales of the Tick
                  | {rPois Regen+} (You found it on level 19 of a ziggurat)
 68929 | Zig:19   | Identified the amulet of the Country {Acrobat rPois rF+
                  | Int+7} (You found it on level 19 of a ziggurat)
 68950 | Zig:20   | Entered Level 20 of a ziggurat
 69005 | Zig:20   | Noticed Xuestr Xoweys the pandemonium lord
 69084 | Zig:20   | Killed Xuestr Xoweys the pandemonium lord
 69292 | Zig:20   | Identified Vehumet's Guide on Conjuration
 69295 | Zig:20   | Identified the Collected Works on Talismans and Moulding
 69299 | Zig:20   | Identified the Catalogue of Beguiling
 69379 | Zig:20   | Got a bloodstained long sword
 69380 | Zig:20   | Identified the +8 long sword "Hell-Harrower" {freeze,
                  | rElec} (You found it on level 20 of a ziggurat)
 69390 | Zig:21   | Entered Level 21 of a ziggurat
 69656 | Zig:21   | Got a shimmering bronze amulet
 69658 | Zig:21   | Got a faintly glowing brass ring
 69660 | Zig:21   | Identified Vaularoe's Tome of the Glacier
 69695 | Zig:21   | Identified the amulet "Itu Hihi" {Gourm Dex+5} (You found
                  | it on level 21 of a ziggurat)
 69700 | Zig:21   | Identified the ring "Vyiqeel" {Ice Int+3} (You found it on
                  | level 21 of a ziggurat)
 69710 | Zig:21   | Got a wavering jade ring
 69712 | Zig:21   | Got a bloodstained quarterstaff
 69715 | Zig:21   | Identified the +10 quarterstaff of Meihamp {antimagic,
                  | rElec Str+6} (You found it on level 21 of a ziggurat)
 69718 | Zig:21   | Got a jewelled triple sword
 69719 | Zig:21   | Identified the +5 triple sword "Cidd" {flame, Dex+4} (You
                  | found it on level 21 of a ziggurat)
 69726 | Zig:21   | Got a faintly glowing broad axe
 69727 | Zig:21   | Identified the +5 broad axe of Accidental Termination
                  | {chop, rC+ MR+ Str+2 Int+3} (You found it on level 21 of a
                  | ziggurat)
 69754 | Zig:21   | Identified the ring of Feppoeno {rF+ Str+5} (You found it
                  | on level 21 of a ziggurat)
 69788 | Zig:22   | Entered Level 22 of a ziggurat
 69866 | Zig:22   | Noticed Otwuofa the pandemonium lord
 69880 | Zig:22   | Killed Otwuofa the pandemonium lord
 69880 | Zig:22   | Killed from afar by a Hell Sentinel

Skill      XL: |  1  2  3  4  5  6  7  8  9 10 11 12 13 14 15 16 17 18 19 20 21 22 23 24 25 26 27 |
---------------+----------------------------------------------------------------------------------+-----
Conjurations   | 1 2 3 4 5 |  5.0
Poison Magic   | 1 3 4 6 8 |  8.0
Stealth        | 3 4 5 6 8 9 10 11 12 | 12.0
Fire Magic     | 1 2 3 4 5 |  5.0
Air Magic      | 1 2 3 4 25 | 25.3
Fighting       | 2 4 6 7 8 9 10 | 10.0
Polearms       | 1 3 4 5 |  5.0
Spellcasting   | 4 5 7 9 12 13 14 15 | 15.0
Shields        | 3 5 7 8 9 |  9.0
Armour         | 3 4 5 6 7 8 9 |  9.0
Dodging        | 3 5 6 7 |  7.0
Charms         | 1 3 4 5 6 |  6.0
Necromancy     | 1 5 9 10 11 12 13 14 16 19 20 | 20.0
Transmutations | 2 4 8 11 13 14 16 20 | 20.0
Earth Magic    | 10 12 18 27 | 27.0
Evocations     | 1 4 5 7 8 9 10 | 10.0
Translocations | 2 3 |  3.0
Hexes          | 3 5 8 |  8.0
Short Blades   | 2 4 6 |  6.0
Staves         | 4 7 |  7.2
Ice Magic      | 3 6 |  6.0
Summonings     | 3 9 |  9.0

Action                   |  1- 3 |  4- 6 |  7- 9 | 10-12 | 13-15 | 16-18 | 19-21 | 22-24 | 25-27 || total
-------------------------+-------+-------+-------+-------+-------+-------+-------+-------+-------++-------
Melee: Club              |     2 |       |       |       |       |       |       |       |       ||     2
       Short sword       |       |     2 |       |       |       |       |       |       |       ||     2
       Trident           |       |    10 |   217 |   399 |   178 |       |       |       |       ||   804
       Staff             |       |       |       |    21 |   188 |       |       |       |    34 ||   243
       Halberd           |       |       |       |       |   399 |   110 |       |       |       ||   509
       Rapier            |       |       |       |       |       |   307 |   158 |       |       ||   465
       Lajatang          |       |       |       |       |       |       |   139 |   423 |   684 ||  1246
 Fire: Hunting sling     |    20 |   143 |    26 |       |       |       |       |       |       ||   189
Throw: Tomahawk          |       |    17 |       |       |       |       |       |       |       ||    17
       Stone             |       |       |       |     1 |       |       |       |       |       ||     1
 Cast: Magic Dart        |    74 |    99 |    60 |    94 |    61 |     2 |       |    24 |       ||   414
       Mephitic Cloud    |       |    18 |    33 |   112 |    78 |     9 |     8 |    30 |     8 ||   296
       Conjure Flame     |       |     3 |    21 |    32 |    23 |     7 |     1 |       |       ||    87
       Regeneration      |       |       |       |    20 |    42 |    55 |    59 |    51 |    65 ||   292
       Ignite Poison     |       |       |       |    50 |    35 |     5 |     5 |    23 |     3 ||   121
       Sublimation of Bl |       |       |       |     5 |    20 |    14 |    27 |    18 |    30 ||   114
       Dispel Undead     |       |       |       |     2 |     6 |    26 |     7 |    59 |    72 ||   172
       Borgnjor's Vile C |       |       |       |       |   162 |   237 |   307 |   286 |   603 ||  1595
       Spectral Weapon   |       |       |       |       |       |    26 |    13 |    24 |     3 ||    66
       Ozocubu's Armour  |       |       |       |       |       |       |       |     7 |    19 ||    26
       Necromutation     |       |       |       |       |       |       |       |    22 |   184 ||   206
       Aura of Abjuratio |       |       |       |       |       |       |       |       |    29 ||    29
       Shatter           |       |       |       |       |       |       |       |       |   206 ||   206
       Tornado           |       |       |       |       |       |       |       |       |    16 ||    16
       Shroud of Golubri |       |       |       |       |       |       |       |       |     2 ||     2
Invok: Receive Necronomi |       |       |       |       |     1 |       |       |       |       ||     1
       Renounce Religion |       |       |       |       |     1 |       |       |       |       ||     1
       Call Merchant     |       |       |       |       |       |     2 |       |     1 |     5 ||     8
       Potion Petition   |       |       |       |       |       |       |       |       |    24 ||    24
 Abil: Dig               |     5 |     4 |    13 |    42 |    54 |    28 |     8 |       |    10 ||   164
       Shaft Self        |       |       |       |       |     2 |       |       |       |       ||     2
       End Transformatio |       |       |       |       |       |       |       |     1 |    26 ||    27
Evoke: Wand              |       |       |     1 |    37 |       |       |     2 |     1 |     1 ||    42
       Lightning rod     |       |       |       |       |       |       |     4 |       |       ||     4
       Staff of energy   |       |       |       |       |       |       |       |    17 |   391 ||   408
       Lamp of fire      |       |       |       |       |       |       |       |       |     1 ||     1
       Staff of Wucad Mu |       |       |       |       |       |       |       |       |   161 ||   161
       Crystal ball of e |       |       |       |       |       |       |       |       |    23 ||    23
       Phial of floods   |       |       |       |       |       |       |       |       |     1 ||     1
       Phantom mirror    |       |       |       |       |       |       |       |       |     1 ||     1
  Use: Potion            |       |     2 |       |     2 |     5 |       |     2 |     8 |    30 ||    49
       Scroll            |       |     4 |     2 |     7 |    11 |     4 |     3 |    19 |    41 ||    91
 Stab: Confused          |       |       |    14 |    22 |    36 |     1 |       |     1 |       ||    74
       Distracted        |       |       |       |     1 |     1 |     6 |     2 |     4 |     7 ||    21
       Sleeping          |       |       |       |     2 |     3 |     7 |     4 |     7 |       ||    23
       Petrified         |       |       |       |       |     5 |       |       |       |       ||     5
       Paralysed         |       |       |       |       |       |       |     3 |       |       ||     3
  Eat: Chunk             |     2 |    14 |     9 |    24 |    20 |       |       |       |       ||    69
       Ration            |       |       |     1 |     2 |    13 |    15 |    11 |     8 |    14 ||    64
Armor: Robe              |       |     9 |    10 |    10 |       |       |       |       |       ||    29
       Troll leather arm |       |       |       |    44 |   193 |   184 |   117 |   187 |   474 ||  1199
Dodge: Dodged            |    13 |    34 |    51 |   156 |   372 |   265 |   189 |   274 |   811 ||  2165
Block: Buckler           |       |       |       |    42 |   153 |    83 |   172 |   209 |   608 ||  1267
       Shield            |       |       |       |       |       |   144 |       |       |       ||   144
       Reflection        |       |       |       |       |       |     1 |    53 |    32 |    68 ||   154
